 Dungeon Crawl Stone Soup version 0.29-a0-830-gcb1280458a (webtiles) character file.

Game seed: 9629171817790073520

44 27snakeeyes612 the Sneak (level 3, 0/16 HPs)
             Began as a Spriggan Enchanter on July 12, 2022.
             Slain by a goblin
             ... wielding a +0 dagger
             ... led by Robin
              (3 damage)
             ... on level 2 of the Dungeon.
             The game lasted 00:03:11 (1674 turns).

27snakeeyes612 the Sneak (Spriggan Enchanter)       Turns: 1674, Time: 00:03:12

Health: 0/16       AC:  2    Str:  1 (4)  XL:     3   Next: 41%
Magic:  1/8        EV: 17    Int: 13 (16) God:
Gold:   78         SH:  0    Dex: 15 (17) Spells: 6/8 levels left

rFire   . . .      SeeInvis +   a - +1 dagger
rCold   . . .      Faith    .   (no shield)
rNeg    . . .      Spirit   .   b - +0 robe
rPois   .          Reflect  .   (helmet restricted)
rElec   .          Harm     .   (no cloak)
rCorr   +          Rampage  .   (gloves unavailable)
Will    .....                   (boots unavailable)
Stlth   +++.......              (no amulet)
HPRegen 0.05/turn               e - ring of resist corrosion
MPRegen 0.11/turn               (no ring)

@: very slightly contaminated, very quick
A: very small, no large weapons, unfitting armour, see invisible, speed 3
a: no special abilities


You were on level 2 of the Dungeon.
You visited 1 branch of the dungeon, and saw 2 of its levels.

You collected 78 gold pieces.

Inventory:

Hand Weapons
 a - a +1 dagger (weapon)
 g - a +0 short sword
Armour
 b - a +0 robe (worn)
Jewellery
 e - a ring of resist corrosion (left hand)
 i - a +4 ring of protection
Potions
 c - 2 potions of invisibility
 f - 2 potions of flight
 h - a potion of haste {unknown}


   Skills:
 + Level 1.7 Short Blades
 + Level 3.2 Dodging
 + Level 4.9 Stealth
 + Level 3.1 Spellcasting
 + Level 4.0 Hexes
 + Level 0.6 Ice Magic


You had 6 spell levels left.
You knew the following spells:

 Your Spells              Type           Power      Damage    Failure   Level
a - Ensorcelled Hibernat  Hex/Ice        16%        N/A       13%         2

Your spell library contained the following spells:

 Spells                   Type           Power      Damage    Failure   Level
 Confusing Touch          Hex            12%        N/A       13%         3
 Tukima's Dance           Hex            12%        N/A       13%         3
 Dazzling Flash           Conj/Hex       14%        N/A       30%         3
 Passwall                 Tmut/Erth      1%         N/A       34%         2
 Swiftness                Air            2%         N/A       56%         3


Dungeon Overview and Level Annotations

Branches:
Dungeon (2/15)

Altars:

Shops:
D:1 (

Annotations:
D:2 Robin


Innate Abilities, Weirdness & Mutations

You are very small and have problems with some larger weapons.
You are too small for most types of armour.
You have supernaturally acute eyesight. (SInv)
You cover ground extremely quickly. (Speed+++)


Message History

Aiming: Ensorcelled Hibernation (safe; 11% risk of failure)
Press: ? - help, Q - select action Shift-Dir - straight line, f/p - Robin
Aim: Robin, wielding a +0 club, wearing a +0 animal skin and wearing a +2 helmet (chance to affect: 52%) Robin resists with significant effort.
Robin roars a battlecry!
You hear a shout!
Aiming: Ensorcelled Hibernation (safe; 11% risk of failure)
Press: ? - help, Q - select action Shift-Dir - straight line, f/p - Robin
Aim: Robin, wielding a +0 club, wearing a +0 animal skin and wearing a +2 helmet (chance to affect: 52%) Robin resists with significant effort.
Robin completely misses you.
Aiming: Ensorcelled Hibernation (safe; 11% risk of failure)
Press: ? - help, Q - select action Shift-Dir - straight line, f/p - Robin
Aim: Robin, wielding a +0 club, wearing a +0 animal skin and wearing a +2 helmet (chance to affect: 52%)
You miscast Ensorcelled Hibernation.
You are very lightly contaminated with residual magic.
Nothing appears to happen.
Robin throws the goblin at you! The goblin hits you but does no damage.
Robin throws the goblin at you!
You closely miss the goblin. The goblin hits you with a +0 dagger.
The goblin closely misses you.
You hit the goblin.
The goblin is almost dead.
Robin roars a battlecry!
The goblins go into a battle-frenzy!
The goblin completely misses you. The goblin barely misses you.
You closely miss the goblin.
The goblin is almost dead.
The goblin barely misses you. The goblin hits you with a +0 dagger.
The goblin hits you with a +0 club.
You hit the goblin.
You kill the goblin!
The goblin closely misses you.
It was a potion of degeneration.
There was something very wrong with that liquid.
You feel weakened.
You feel dopey.
You feel clumsy. Robin completely misses you.
The goblin hits you with a +0 club.
* * * LOW HITPOINT WARNING * * *
The goblin hits you with a +0 dagger.
You die...

#....+.# #.'.........###.......#
#....#.###.#.........#.+.......##
#...>+)....><.^###+###'#.........
#....#.###.#.#.###.#.............
#.##.#'###.#.#..##.#........†....
#.......##.#.##.##.#.......†.....
........##.#.......#.............
.###....##.####g####.............
.+......##.....g@g.......##.....#
.###)...########g####............
.# #.#### #.g# #...########. .#
#.############.######## .
####÷..................... . #
#...........####.#############. +
+...........# #.......g.g...#. #
#..†........# #.#.####g####.#. #
#...........# #.#.# +.'..#.#


You could see Robin, a hobgoblin (strong) and 3 goblins.

Vanquished Creatures
  A dart slug (D:2)
  2 ball pythons
  3 bats
  4 endoplasms
  3 giant cockroaches
  2 goblins
  6 hobgoblins
  4 jackals (D:1)
  2 frilled lizards
  4 kobolds
  5 rats
36 creatures vanquished.

Notes
Turn   | Place    | Note
-------+----------+-------------------------------------------
     0 | D:1      | 27snakeeyes612 the Spriggan Enchanter began the quest for
                  | the Orb.
     0 | D:1      | Reached XP level 1. HP: 9/9 MP: 5/5
    85 | D:1      | Found a faded altar of an unknown god.
   298 | D:1      | Found Gaddan's Antique Weapon Emporium.
   345 | D:1      | Reached XP level 2. HP: 13/13 MP: 6/6
   349 | D:1      | Learned a level 2 spell: Ensorcelled Hibernation
  1226 | D:2      | Reached XP level 3. HP: 16/16 MP: 8/8
  1622 | D:2      | Noticed Robin
  1674 | D:2      | Slain by a goblin

Illustrated notes

Levels and vault maps discovered:
D:1:      ebering_trefoil_twist, layout_loops_ring,
          shapermc_ecumenical_altar_venn, serial_shops, nicolae_diamond_shop
D:2:      minmay_door_path, layout_basic, grunt_decor_cap, uniq_robin

Skill      XL: |  1  2 |
---------------+-------+-----
Dodging        | 3 |  3.2
Spellcasting   | 3 |  3.1
Hexes          | 4 |  4.0
Short Blades   | |  1.7
Stealth        | |  4.9
Ice Magic      | |  0.6

Action                   || total
-------------------------++-------
Melee: Dagger            ||   107
       Punch             ||     2
 Cast: Ensorcelled Hiber ||     9
  Use: Scroll            ||     3
       Potion            ||     1
 Stab: Sleeping          ||    12
       Distracted        ||     1
Armor: Robe              ||    13
Dodge: Dodged            ||    88

Table legend: (Time is in decaauts)
 A = Elapsed time spent in this place.
 B = Non-inter-level travel time spent in this place.
 C = Inter-level travel time spent in this place.
 D = Time resting spent in this place.
 E = Time spent auto-exploring this place.
 F = Levels seen in this place.
 G = Mean time per level.
                   A        B        C        D        E       F      G
               +--------+--------+--------+--------+--------+-----+--------+
         Total |   1346 |   1338 |      8 |    143 |    887 |   2 |  673.0 |
       Dungeon |   1346 |   1338 |      8 |    143 |    887 |   2 |  673.0 |
               +--------+--------+--------+--------+--------+-----+--------+

Top non-repeatable levels by time:
     D:1: 931 daAuts
     D:2: 414 daAuts
